 Dungeon Crawl Stone Soup version 0.27-a0-789-g6bb3289e1e (webtiles) character file.

Game seed: 944593752266511036

266 Lanoc the Sneak (level 6, 0/38 HPs)
             Began as a Kobold Brigand on Mar 26, 2021.
             Was a Believer of Uskayaw.
             Succumbed to a scorpion's poison
             ... on level 4 of the Dungeon.
             The game lasted 00:05:17 (3851 turns).

Lanoc the Sneak (Kobold Brigand)                    Turns: 3851, Time: 00:05:18

Health: 0/38       AC:  3    Str:  8    XL:     6   Next: 44%
Magic:  7/7        EV: 16    Int: 13    God:    Uskayaw [**....]
Gold:   133        SH:  0    Dex: 18    Spells: 5/5 levels left

rFire    + . .     SeeInvis .   a - +2 dagger (speed)
rCold    + . .     Faith    .   (shield restricted)
rNeg     . . .     Spirit   .   b - +0 robe
rPois    +         Reflect  .   (no helmet)
rElec    +         Harm     .   c - +0 cloak
rCorr    +         Rampage  .   (no gloves)
Will     .....                  (no boots)
Stlth    +++++.....             (no amulet)
HPRegen  0.12/turn              (no ring)
MPRegen  0.10/turn              (no ring)

@: lethally poisoned (0 -> -22), resistant
A: small, no large weapons, nightstalker 3
a: Renounce Religion, Stomp, Line Pass


You were on level 4 of the Dungeon.
You worshipped Uskayaw.
Uskayaw was noncommittal.
You visited 1 branch of the dungeon, and saw 4 of its levels.

You collected 133 gold pieces.

Inventory:

Hand Weapons
 a - a +2 dagger of speed (weapon)
Missiles
 d - 7 poisoned darts (quivered)
 e - a curare-tipped dart
Armour
 b - a +0 robe (worn)
 c - a +0 cloak (worn)
Scrolls
 f - a scroll of identify {unknown}
 g - 2 scrolls of teleportation {unknown}
 h - a scroll of amnesia {unknown}
 i - a scroll of magic mapping {unknown}
 l - a scroll of enchant armour {unknown}
Potions
 k - a potion of attraction {unknown}
 m - a potion of might {unknown}


   Skills:
 + Level 3.7 Fighting
 - Level 2.6 Short Blades
 - Level 2.1 Throwing
 + Level 3.3 Dodging
 * Level 7.7 Stealth
 * Level 2.3 Invocations


You had 5 spell levels left.
You didn't know any spells.
Your spell library contained the following spells:

 Spells                   Type           Power      Damage    Failure   Level
 Magic Dart               Conj           0%         1d3       30%         1
 Blink                    Tloc           N/A        N/A       43%         2
 Call Imp                 Summ           0%         N/A       43%         2
 Slow                     Hex            0%         N/A       43%         2
 Conjure Flame            Conj/Fire      0%         6-21      67%         3
 Mephitic Cloud           Conj/Pois/Air  0%         N/A       67%         3


Dungeon Overview and Level Annotations

Branches:
Dungeon (4/15)
 Temple: D:4-7

Altars:
Fedhas
Makhleb
Uskayaw
Xom
The Shining One


Innate Abilities, Weirdness & Mutations

You are small and have problems with some larger weapons.
You are completely attuned to the shadows.


Message History

Found a quarterstaff.
A scorpion comes into view.
You hit the scorpion.
The scorpion is lightly wounded.
The scorpion misses you.
You hit the scorpion but do no damage.
The scorpion is lightly wounded.
You hit the scorpion.
The scorpion is moderately wounded.
The scorpion stings you but does no damage.
You hit the scorpion.
The scorpion is moderately wounded.
You hit the scorpion but do no damage.
The scorpion is moderately wounded.
The scorpion barely misses you.
You hit the scorpion.
The scorpion is heavily wounded.
The scorpion stings you.
You closely miss the scorpion.
The scorpion is heavily wounded.
You closely miss the scorpion.
The scorpion is heavily wounded.
The scorpion stings you.
You are poisoned.
The scorpion poisons you!
You hit the scorpion but do no damage.
The scorpion is heavily wounded.
You feel extremely sick.
You hit the scorpion.
The scorpion is heavily wounded.
You feel sick. The scorpion closely misses you.
You can now pass through a line of other dancers.
You hit the scorpion but do no damage.
The scorpion is heavily wounded.
The scorpion stings you!
You are lethally poisoned!
The scorpion poisons you!
It was a potion of resistance.
You feel protected.
You die...

#.... #.#.#.#
##########.#...#
#.).....##.#..##.#
#.......##.#.....#
#.......##.<......
#..s@....###......
#........# #...#.
#........# #...#
#........#####.#
########.......#
#######.# #.# #.#
..


You could see a scorpion.

Vanquished Creatures
  A phantom (D:4)
  An orc priest (D:2)
  A bullfrog skeleton (D:3)
  Robin (D:3)
  2 adders (D:3)
  A white imp (D:3)
  A dart slug (D:2)
  3 orcs
  5 ball pythons
  9 endoplasms
  2 giant cockroaches
  14 goblins
  7 hobgoblins
  13 jackals
  2 quokkas (D:1)
  8 bats
  A frilled lizard (D:1)
  3 kobolds (D:1)
  6 rats
81 creatures vanquished.

Notes
Turn   | Place    | Note
-------+----------+-------------------------------------------
     0 | D:1      | Lanoc the Kobold Brigand began the quest for the Orb.
     0 | D:1      | Reached XP level 1. HP: 12/12 MP: 1/1
    97 | D:1      | Reached XP level 2. HP: 18/18 MP: 2/2
   421 | D:1      | Reached skill level 6 in Stealth
   421 | D:1      | Reached XP level 3. HP: 16/22 MP: 3/3
  1107 | D:1      | Reached XP level 4. HP: 27/27 MP: 4/4
  1863 | D:2      | Found a shimmering altar of Xom.
  1863 | D:2      | Found a shimmering altar of Xom.
  1863 | D:2      | Found a shimmering altar of Xom.
  1865 | D:2      | Found a shimmering altar of Xom.
  1933 | D:2      | Found a shimmering altar of Xom.
  1974 | D:2      | Found a blossoming altar of Fedhas.
  1974 | D:2      | Found a hide-covered altar of Uskayaw.
  1979 | D:2      | Became a worshipper of Uskayaw the Reveller
  2098 | D:2      | Reached XP level 5. HP: 31/32 MP: 5/5
  2150 | D:2      | Reached * piety under Uskayaw
  2454 | D:3      | Found a glowing golden altar of the Shining One.
  2523 | D:3      | Reached skill level 7 in Stealth
  2527 | D:3      | Noticed Robin
  2542 | D:3      | Reached ** piety under Uskayaw
  2570 | D:3      | Killed Robin
  2864 | D:3      | Reached skill level 1 in Invocations
  2868 | D:3      | Reached *** piety under Uskayaw
  3272 | D:3      | Reached XP level 6. HP: 5/37 MP: 7/7
  3636 | D:3      | Found a burning altar of Makhleb.
  3851 | D:4      | Succumbed to a scorpion's poison

Illustrated notes

Levels and vault maps discovered:
D:1:      evilmike_arrival_fibonacci_small, layout_loops_ring,
          minmay_misc_feat_alley, minmay_small_reverse_x
D:2:      layout_loops_cross, gammafunk_temple_overflow_statue, xom_redecorated
D:3:      layout_rooms, lemuel_crystal_altar, nicolae_overflow_crystal_walls,
          uniq_robin
D:4:      layout_loops_cross, kennysheep_slug_shrine, chequers_jeans,
          uniq_eustachio, uniq_menkaure

Skill      XL: |  1  2  3  4  5  6 |
---------------+-------------------+-----
Stealth        | 6 7 |  7.7
Dodging        | 2 3 |  3.3
Fighting       | 3 |  3.7
Invocations    | 1 2 |  2.3
Short Blades   | |  2.6
Throwing       | |  2.1

Action                   |  1- 3 |  4- 6 || total
-------------------------+-------+-------++-------
Melee: Dagger            |   152 |   175 ||   327
Throw: Dart              |       |     9 ||     9
  Use: Potion            |       |     4 ||     4
 Stab: Sleeping          |    17 |    15 ||    32
       Distracted        |     3 |     2 ||     5
       Paralysed         |       |     1 ||     1
Armor: Robe              |    21 |    11 ||    32
Dodge: Dodged            |    99 |    63 ||   162

Table legend: (Time is in decaauts)
 A = Elapsed time spent in this place.
 B = Non-inter-level travel time spent in this place.
 C = Inter-level travel time spent in this place.
 D = Time resting spent in this place.
 E = Time spent auto-exploring this place.
 F = Levels seen in this place.
 G = Mean time per level.
                   A        B        C        D        E       F      G
               +--------+--------+--------+--------+--------+-----+--------+
         Total |   3731 |   3681 |     50 |      0 |   3195 |   4 |  932.8 |
       Dungeon |   3731 |   3681 |     50 |      0 |   3195 |   4 |  932.8 |
               +--------+--------+--------+--------+--------+-----+--------+

Top non-repeatable levels by time:
     D:3: 1333 daAuts
     D:1: 1270 daAuts
     D:2: 1099 daAuts
     D:4: 27 daAuts
